 Dungeon Crawl Stone Soup version 0.29-a0-551-gffc1d7fb78 (webtiles) character file.

Game seed: 13654262113736108054

350 shadowstone the Covered (level 6, -1/38 HPs)
             Began as a Gargoyle Fighter on June 5, 2022.
             Was a Follower of Wu Jian.
             Slain by a phantom (4 damage)
             ... on level 6 of the Dungeon.
             The game lasted 00:10:55 (2496 turns).

shadowstone the Covered (Gargoyle Fighter)          Turns: 2496, Time: 00:10:56

Health: -1/38      AC: 17    Str: 22    XL:     6   Next: 60%
Magic:  6/6        EV:  8    Int:  8    God:    Wu Jian [*.....]
Gold:   79         SH:  0    Dex:  9    Spells: 5/5 levels left

rFire   + . .      SeeInvis .   r - +1 long sword (vorpal)
rCold   + . .      Faith    .   q - orb {guile}
rNeg    + . .      Spirit   .   o - +2 chain mail {Will+}
rPois   ∞          Reflect  .   (no helmet)
rElec   +          Harm     .   i - scarf {rC+ rF+}
rCorr   .          Rampage  .   h - +0 pair of gloves
Will    .....                   (no boots)
Stlth   ..........              (no amulet)
HPRegen 0.12/turn               n - ring of wizardry
MPRegen 0.10/turn               (no ring)

@: about to teleport
A: sickness immunity, AC +4, negative energy resistance 1, electricity
resistance, torment resistance 1, petrification resistance
a: Renounce Religion


You were on level 6 of the Dungeon.
You worshipped Wu Jian.
Wu Jian was aware of your devotion.
You visited 1 branch of the dungeon, and saw 6 of its levels.

You collected 79 gold pieces.

Inventory:

Hand Weapons
 a - a +0 flail
 r - a +1 vorpal long sword (weapon)
 t - a +4 dagger
Missiles
 g - 3 poisoned darts (quivered)
 v - 6 javelins
Armour
 b - a +0 scale mail
 c - a +0 buckler
 h - a +0 pair of gloves (worn)
 i - a scarf of resistance (worn)
 o - a +2 chain mail of willpower (worn)
 q - an orb of guile (worn)
Magical Staves
 k - a staff of poison
Jewellery
 n - a ring of wizardry (left hand)
Scrolls
 e - a scroll of blinking {unknown}
 l - 4 scrolls of identify
 w - a scroll of magic mapping
Potions
 d - a potion of might
 f - a potion of curing {unknown}
 j - a potion of brilliance {unknown}
 m - a potion of degeneration {unknown}
 p - a potion of flight {unknown}
 s - a potion of invisibility {unknown}


   Skills:
 + Level 4.0 Fighting
 + Level 1.7 Long Blades
 + Level 2.5(3.0) Maces & Flails
 + Level 2.2(2.8) Staves
 + Level 4.8 Armour
 + Level 2.1 Dodging
 + Level 0.1 Stealth
 + Level 3.9 Shields


You had 5 spell levels left.
You didn't know any spells.
Your spell library contained the following spells:

 Spells                   Type           Power      Damage    Failure   Level
 Poisonous Vapours        Pois/Air       0%         N/A       87%         2
 Corpse Rot               Necr/Pois/Air  0%         N/A       100%        4


Dungeon Overview and Level Annotations

Branches:
Dungeon (6/15)
 Temple: D:4-7

Altars:
Wu Jian


Innate Abilities, Weirdness & Mutations

You are immune to sickness and miasma.
Your stone body is resilient. (AC +4)
You are immune to poison.
You resist negative energy. (rN+)
You are resistant to electric shocks. (rElec)
You are resistant to unholy torment.
You are immune to petrification.


Message History

The water moccasin barely misses you. The iguana barely misses you.
The water moccasin closely misses you. The iguana closely misses you.
You barely miss the water moccasin.
The water moccasin is almost dead.
The water moccasin bites you.
The water moccasin bites you but does no damage.
The iguana bites you but does no damage.
You closely miss the water moccasin.
The water moccasin is almost dead.
The water moccasin bites you.
The iguana bites you but does no damage.
The water moccasin bites you but does no damage.
You hit the water moccasin.
You kill the water moccasin!
The Council accepts your kill.
The iguana bites you but does no damage.
The iguana bites you!
* * * LOW HITPOINT WARNING * * *
Your Fighting skill increases to level 4!
Your Long Blades skill increases to level 1!
The iguana attacks as you move away!
The iguana bites you but does no damage.
There is a stone staircase leading down, spattered with blood here.
The iguana bites you.
* * * LOW HITPOINT WARNING * * *
You climb downwards.
Found 16 gold pieces.
Found a stone staircase leading down.
There is a stone staircase leading up here.
As you read the scroll labelled MACRYE WAYJE, it crumbles to dust.
You feel strangely unstable.
It was a scroll of teleportation.
The iguana barely misses you.
You spin to attack the iguana, but your attack speed is too slow for a blow to land.
The iguana bites you.
* * * LOW HITPOINT WARNING * * *
As you read the scroll labelled VYABBE FUSSYPU, it crumbles to dust.
It is a scroll of identify.
w - a scroll of magic mapping The iguana bites you but does no damage.
The phantom hits you.
You die...

#.
#.#+#######
#.........
#.......#
#.......#
#.......#
#...lW..#
#.$<@...#
#..>....#
#.......#
#.#+#.###
#.. .. #.#
### #. #.


You could see a phantom and an iguana.

Vanquished Creatures
  A water moccasin (D:5)
  An ogre (D:4)
  A hound (D:5)
  An iguana (D:4)
  Terence (D:3)
  2 adders
  2 dart slugs
  An orc (D:3)
  7 bats
  2 endoplasms
  3 giant cockroaches
  6 goblins
  4 hobgoblins
  6 jackals (D:1)
  3 kobolds
  2 quokkas
  5 ball pythons
  3 rats
51 creatures vanquished.

Notes
Turn   | Place    | Note
-------+----------+-------------------------------------------
     0 | D:1      | shadowstone the Gargoyle Fighter began the quest for the
                  | Orb.
     0 | D:1      | Reached XP level 1. HP: 14/14 MP: 1/1
   167 | D:1      | Reached XP level 2. HP: 11/19 MP: 2/2
   891 | D:2      | Reached XP level 3. HP: 23/23 MP: 3/3
  1071 | D:1      | Found a faded altar of an unknown god.
  1109 | D:1      | Prayed at the altar of an unknown god.
  1109 | D:1      | Became a worshipper of the Wu Jian Council
  1109 | D:1      | Reached * piety under Wu Jian
  1753 | D:3      | Noticed Terence
  1759 | D:3      | Reached skill level 1 in Staves
  1759 | D:3      | Reached XP level 4. HP: 27/29 MP: 4/4
  1783 | D:3      | Killed Terence
  1784 | D:3      | Reached skill level 1 in Dodging
  1947 | D:4      | Reached XP level 5. HP: 22/33 MP: 5/5
  2097 | D:4      | Noticed an ogre
  2109 | D:4      | Killed an ogre
  2259 | D:5      | Entered Level 5 of the Dungeon
  2309 | D:5      | Reached XP level 6. HP: 22/38 MP: 6/6
  2473 | D:5      | Noticed a water moccasin
  2490 | D:5      | Killed a water moccasin
  2491 | D:5      | Reached skill level 1 in Long Blades
  2496 | D:6      | Slain by a phantom

Illustrated notes

Levels and vault maps discovered:
D:1:      minmay_arrival_four_circles, layout_basic,
          chequers_ecumenical_altar_simple, chequers_serial_rivers_micro_b
D:2:      layout_basic
D:3:      layout_basic, serial_shops, nicolae_shop_behind_doors, uniq_terence
D:4:      layout_cave_pods, serial_shops, kennysheep_mini
D:5:      due_chaos_kobolds, layout_basic, mainiacjoe_overflow_alcove_2,
          bloody_makhleb, minmay_temple_entry_mist
D:6:      layout_basic, tgw_kikubaaqudgha

Skill      XL: |  1  2  3  4  5  6 |
---------------+-------------------+-----
Staves         | 1 2 |  2.2
Armour         | 4 |  4.8
Dodging        | 1 2 |  2.1
Fighting       | 4 |  4.0
Long Blades    | 1 |  1.7
Maces & Flails | |  2.5
Stealth        | |  0.1
Shields        | |  3.9

Action                   |  1- 3 |  4- 6 || total
-------------------------+-------+-------++-------
Melee: Flail             |    45 |       ||    45
       Staff             |   104 |    25 ||   129
       Long sword        |       |    65 ||    65
Invok: Whirlwind         |    11 |     1 ||    12
       Lunge             |     2 |     4 ||     6
  Use: Scroll            |       |     2 ||     2
Armor: Scale mail        |   168 |       ||   168
       Chain mail        |    16 |    73 ||    89
Dodge: Dodged            |   124 |    50 ||   174
Block: Buckler           |    41 |       ||    41

Table legend: (Time is in decaauts)
 A = Elapsed time spent in this place.
 B = Non-inter-level travel time spent in this place.
 C = Inter-level travel time spent in this place.
 D = Time resting spent in this place.
 E = Time spent auto-exploring this place.
 F = Levels seen in this place.
 G = Mean time per level.
                   A        B        C        D        E       F      G
               +--------+--------+--------+--------+--------+-----+--------+
         Total |   2551 |   2491 |     60 |    395 |      0 |   6 |  425.2 |
       Dungeon |   2551 |   2491 |     60 |    395 |      0 |   6 |  425.2 |
               +--------+--------+--------+--------+--------+-----+--------+

Top non-repeatable levels by time:
     D:1: 1137 daAuts
     D:2: 416 daAuts
     D:3: 407 daAuts
     D:4: 342 daAuts
     D:5: 244 daAuts
     D:6: 2 daAuts
